[Event "*** Titled Tuesday Blitz"]
[Site "Chess.com"]
[Date "2020.11.10"]
[Round "9"]
[White "reniite"]
[Black "AntonovaNadezhda"]
[Result "0-1"]
[WhiteElo "1931"]
[BlackElo "2122"]
[TimeControl "180+1"]
[EndTime "11:51:20 PST"]
[Termination "AntonovaNadezhda won by checkmate"]

1. e4 c5 2. Nf3 d6 3. d4 cxd4 4. Nxd4 Nf6 5. Nc3 a6 6. h3 e5 7.
Nde2 Be7 8. g4 b5 9. Bg2 Bb7 10. Ng3 g6 11. Be3 Nbd7 12. Qd2 Qc7 13. O-O-O b4 14.
Nd5 Bxd5 15. exd5 a5 16. Rhe1 Nc5 17. Kb1 O-O 18. f4 exf4 19. Bxf4 a4 20. Qxb4 Rfb8 21. Qa3 Rb7 22. Ka1 Rab8 23. Rb1 Bf8 24. c3 Nd3 25.
Bd2 Nxb2 26. Re4 Nxe4 27. Nxe4 Bg7 28. Bf1 Nc4 29. Bxc4 Rxb1# 0-1

[Event "*** Titled Tuesday Blitz"]
[Site "Chess.com"]
[Date "2020.11.10"]
[Round "9"]
[White "mirciulica14"]
[Black "grunbergmihai"]
[Result "0-1"]
[WhiteElo "2629"]
[BlackElo "2490"]
[TimeControl "180+1"]
[EndTime "11:51:23 PST"]
[Termination "grunbergmihai won by resignation"]

1. d4 Nf6 2. c4 g6 3. g3 d5 4. cxd5 Nxd5 5. Bg2 Bg7 6. e4 Nb4 7. d5 O-O 8. Ne2 c6 9. Nbc3 cxd5 10. exd5 Bf5 11. O-O Nc2 12. Rb1 Nb4 13. Ra1 N8a6 14. a3 Nc2 15. Rb1 Qd7 16. Bd2 Rac8 17. Rc1 Nd4 18.
Nxd4 Bxd4 19. Bh6 Bg7 20. Bxg7 Kxg7 21. Qd4+ Kg8 22. Qxa7 Nc5 23. Qb6 Nd3 24. Rcd1 Qd6 25. Qxd6 exd6 26. Ne4 Bxe4 27. Bxe4 Nxb2 28. Rb1 Nc4 29.
Rxb7 Nd2 30. Re1 Rfe8 31. Rb4 Nf3+ 32. Kf1 Nxe1 33. Kxe1 f5 34. f3 fxe4 35. fxe4 Rc3 36. Kd2 Rxa3 37. h4 Rxg3 38. Rb6 Rxe4 39. Rxd6 Rxh4 40.
Rd8+ Kg7 41. Rd7+ Kh6 42. Ke2 Rh2+ 43. Kf1 Ra3 44. Rxh7+ 0-1

[Event "*** Titled Tuesday Blitz"]
[Site "Chess.com"]
[Date "2020.11.10"]
[Round "9"]
[White "olksuna"]
[Black "Chessalary"]
[Result "1-0"]
[WhiteElo "2643"]
[BlackElo "2469"]
[TimeControl "180+1"]
[EndTime "11:51:24 PST"]
[Termination "olksuna won by resignation"]

1. e4 c5 2. Nf3 d6 3. d4 cxd4 4. Nxd4 Nf6 5. Nc3 a6 6. Be2 e6 7. O-O Be7 8. Be3 Qc7 9. f4 O-O 10. Qe1 Nc6 11. Kh1 Nxd4 12. Bxd4 e5 13. fxe5 dxe5 14.
Qg3 Bd6 15. Be3 Kh8 16. Rxf6 gxf6 17. Qh4 Be7 18. Nd5 Qd6 19. Rf1 Rg8 20. b4 Bd8 21. Bc5 Qe6 22. Nxf6 Bxf6 23. Rxf6 Qd7 24. Rd6 Qe8 25.
Qf6+ Rg7 26. Rd8 1-0

[Event "*** Titled Tuesday Blitz"]
[Site "Chess.com"]
[Date "2020.11.10"]
[Round "9"]
[White "GelmanAlexander"]
[Black "FMOlexandrProhorov"]
[Result "1-0"]
[WhiteElo "2564"]
[BlackElo "2157"]
[TimeControl "180+1"]
[EndTime "11:51:24 PST"]
[Termination "GelmanAlexander won by checkmate"]

1. d4 g6 2. e4 Bg7 3. Nc3 c6 4. Be3 d5 5. f3 Nf6 6. Qd2 dxe4 7.
O-O-O exf3 8. Nxf3 Bg4 9. Bc4 e6 10. Rhf1 Nbd7 11. h3 Bxf3 12. Rxf3 Qa5 13. Rdf1 h6 14.
Kb1 O-O-O 15. Qf2 Nd5 16. Bxd5 exd5 17. Rxf7 Bf8 18. Qg3 Bb4 19. Ne2 Bd2 20. Bg1 g5 21. Bh2 Bf4 22. Nxf4 gxf4 23. Qxf4 Rhf8 24. Qg3 Rxf7 25.
Rxf7 Qd2 26. Qc7# 1-0

[Event "*** Titled Tuesday Blitz"]
[Site "Chess.com"]
[Date "2020.11.10"]
[Round "9"]
[White "Ariadna_Atreides"]
[Black "DonPreuss"]
[Result "0-1"]
[WhiteElo "2095"]
[BlackElo "2231"]
[TimeControl "180+1"]
[EndTime "11:51:28 PST"]
[Termination "DonPreuss won by resignation"]

1. d4 Nc6 2. Bf4 d6 3. Nf3 g6 4. d5 Nb8 5. e4 Bg7 6. c3 e5 7. Bg5 f6 8. Be3 Ne7 9. Qd2 h5 10. a4 c5 11. dxc6 bxc6 12. Na3 Be6 13. Bc4 d5 14.
exd5 cxd5 15. Bb5+ Kf7 16. O-O a6 17. Be2 Nbc6 18.
Nc2 Nf5 19. Rfd1 Nxe3 20. Nxe3 Bh6 21. Qc2 Ne7 22. a5 Qc7 23. Qa4 Rhd8 24. Nc2 Bd7 25. Qa2 Be6 26. Qa4 Qc6 27. Qxc6 Nxc6 28. Nb4 Nxb4 29.
cxb4 Rdb8 30. Ra4 Bd7 31. Ra2 Ke6 32. Rc1 Rxb4 33. Rc7 Rab8 34. Bxa6 Rxb2 35. Rxb2 Rxb2 36. g3 Ra2 37. Rc5 Kd6 38. Rc2 Rxc2 0-1

[Event "*** Titled Tuesday Blitz"]
[Site "Chess.com"]
[Date "2020.11.10"]
[Round "9"]
[White "Savva09022009"]
[Black "klimkoj"]
[Result "1-0"]
[WhiteElo "2449"]
[BlackElo "2621"]
[TimeControl "180+1"]
[EndTime "11:51:29 PST"]
[Termination "Savva09022009 won by resignation"]

1. d4 Nf6 2. Nc3 d5 3. Bf4 a6 4. e3 e6 5. Nf3 Bb4 6. Bd3 O-O 7.
O-O c5 8. dxc5 Nbd7 9. Bd6 Re8 10. Na4 b6 11. a3 Bxc5 12. Bxc5 Nxc5 13. Nxc5 bxc5 14.
c4 Rb8 15. Qc2 e5 16. Nd2 e4 17. Be2 d4 18. exd4 cxd4 19. Qc1 Bf5 20. b4 Qc7 21. Nb3 d3 22. Bd1 Nd7 23. Nd4 Bg6 24. Re1 Ne5 25. c5 Qd7 26. Nb3 Qd5 27. Qc3 h5 28. Nd2 h4 29. Bb3 Qb7 30. h3 a5 31. bxa5 Kh7 32.
Rac1 Rbd8 33. c6 Qc7 34. Qb4 Rd6 35. Nxe4 d2 36. Nxd2 Nd3 37. Qxh4+ Bh5 38. Qxh5+ 1-0

[Event "*** Titled Tuesday Blitz"]
[Site "Chess.com"]
[Date "2020.11.10"]
[Round "9"]
[White "zverr1"]
[Black "hungrycaterpillar4"]
[Result "1-0"]
[WhiteElo "2447"]
[BlackElo "2613"]
[TimeControl "180+1"]
[EndTime "11:51:29 PST"]
[Termination "zverr1 won by checkmate"]

1. e4 c5 2. Nf3 Nc6 3. d4 cxd4 4. Nxd4 Nf6 5. Nc3 e5 6. Ndb5 d6 7. Bg5 a6 8. Na3 b5 9. Nd5 Be7 10. Bxf6 Bxf6 11. c3 O-O 12. Nc2 Rb8 13. h4 g6 14. h5 Bg5 15. hxg6 hxg6 16. Be2 Kg7 17.
Qd3 Ne7 18. Nce3 Bxe3 19. Nxe3 Be6 20. O-O-O b4 21. c4 Qa5 22. Kb1 Nc6 23. Nf5+ Bxf5 24. exf5 b3 25. a3 Nd4 26. f6+ Kxf6 27. Qe3 Qc5 28. f4 Ke7 29. fxe5 dxe5 30. Qg5+ f6 31. Rh7+ Kd6 32. Qxg6 Kc6 33. Qg7 Kb6 34. Qa7+ Kc6 35. Qc7# 1-0

[Event "*** Titled Tuesday Blitz"]
[Site "Chess.com"]
[Date "2020.11.10"]
[Round "9"]
[White "lelya96"]
[Black "Harry_Rakkel"]
[Result "0-1"]
[WhiteElo "2227"]
[BlackElo "2529"]
[TimeControl "180+1"]
[EndTime "11:51:29 PST"]
[Termination "Harry_Rakkel won on time"]

1. e4 c5 2. Nf3 e6 3. d4 cxd4 4. Nxd4 Nc6 5. Nc3 Qc7 6. Be2 a6 7. O-O Nf6 8. Be3 Bb4 9. Na4 Rb8 10. Nxc6 bxc6 11. Bd3 d5 12. exd5 cxd5 13. Qe2 Bd7 14. Nc3 Bd6 15. h3 Rxb2 16. Nd1 Rb8 17. Bxa6 O-O 18.
c3 Ne4 19. Rc1 Bc5 20. Bd3 Bxe3 21. Nxe3 Nxc3 22. Qc2 d4 23. Bxh7+ Kh8 24. Ng4 f5 25. Bg8 Kxg8 26. Nh2 Bc6 27. Rfe1 Qd6 28. Qd3 Be4 29.
Qd2 Rfd8 30. f3 Ba8 31. Qg5 Rb2 32. Qg6 Ne2+ 0-1

[Event "*** Titled Tuesday Blitz"]
[Site "Chess.com"]
[Date "2020.11.10"]
[Round "9"]
[White "GregShahade"]
[Black "scarabee43"]
[Result "1-0"]
[WhiteElo "2700"]
[BlackElo "2570"]
[TimeControl "180+1"]
[EndTime "11:51:30 PST"]
[Termination "GregShahade won by checkmate"]

1. e4 c5 2. Nf3 e6 3. d4 cxd4 4.
Nxd4 Nc6 5. Nc3 Qc7 6. Be3 a6 7.
Qf3 Nf6 8. O-O-O Be7 9. Kb1 O-O 10. g4 d6 11. Nxc6 Qxc6 12. Qh3 b5 13. e5 dxe5 14.
Bg2 e4 15. Bg5 b4 16. Bxf6 bxc3 17. Bxe7 Qb7 18. Ba3 Bd7 19. Rxd7 Qxd7 20. Bxe4 f5 21. Bxa8 Rxa8 22. Qxc3 fxg4 23. b3 Rc8 24. Qe3 Qc6 25.
Rc1 a5 26. Bb2 a4 27. Qd4 e5 28. Qxe5 Rc7 29. Qd4 axb3 30. axb3 Rd7 31. Qxg4 Ra7 32. Rd1 Ra8 33. Qxg7# 1-0

[Event "*** Titled Tuesday Blitz"]
[Site "Chess.com"]
[Date "2020.11.10"]
[Round "9"]
[White "Tenamu"]
[Black "lefonghua"]
[Result "0-1"]
[WhiteElo "2320"]
[BlackElo "2485"]
[TimeControl "180+1"]
[EndTime "11:51:30 PST"]
[Termination "lefonghua won by resignation"]

1. d4 Nf6 2. Nc3 d5 3. Bf4 g6 4. Qd2 Bg7 5. h3 c5 6. e3 O-O 7. g4 cxd4 8. exd4 Nc6 9. Nf3 Ne4 10. Qe3 Qa5 11. a3 Nxc3 12. bxc3 b6 13. Kd2 Ba6 14. Bh6 Rac8 15. Bxg7 Kxg7 16. h4 Bxf1 17. Raxf1 Qxa3 18. Ra1 Qd6 19. h5 Na5 20. Rxa5 bxa5 21. hxg6 Qxg6 22. Rh5 f6 23. Nh4 Qxg4 24. Nf5+ Kh8 25. Qxe7 Qg6 26.
Rh6 Qf7 27. Qa3 Rce8 28. Qd6 Re6 29. Rxh7+ Kxh7 30. Qh2+ Kg6 31. Nh4+ Kg7 32. Nf5+ Kg6 33. Nh4+ Kh5 34. Nf5+ Kg5 35. Ne3 Qh5 36. Qg3+ Kh6 37. Ng4+ Kh7 0-1

[Event "*** Titled Tuesday Blitz"]
[Site "Chess.com"]
[Date "2020.11.10"]
[Round "9"]
[White "blitzking1729"]
[Black "giantslayer83"]
[Result "0-1"]
[WhiteElo "2543"]
[BlackElo "2705"]
[TimeControl "180+1"]
[EndTime "11:51:32 PST"]
[Termination "giantslayer83 won by resignation"]

1. d4 Nf6 2. Bg5 Ne4 3. Bf4 d5 4. f3 Nf6 5. e4 dxe4 6. Nc3 exf3 7. Nxf3 Bf5 8. Bd3 Bg6 9. Qe2 e6 10. O-O-O c6 11. Bxg6 hxg6 12. Ne5 Bb4 13. Ne4 Nxe4 14.
Qxe4 Qd5 15. Qd3 Qxa2 16. c3 Be7 17. Rhf1 Nd7 18. Nxg6 fxg6 19. Qxg6+ Kd8 20. Qxg7 Bf6 21.
Bg5 Bxg5+ 22. Qxg5+ Kc7 23. Qg3+ Kb6 24. Rf7 Rad8 25.
Rdf1 Qd5 26. h4 Rhg8 27. Rg7 e5 28. Qg5 Rxg7 29. Qxd8+ Ka6 30. h5 Rxg2 31. Rd1 Qb3 32. Rd2 Rg1+ 0-1

[Event "*** Titled Tuesday Blitz"]
[Site "Chess.com"]
[Date "2020.11.10"]
[Round "9"]
[White "SaqoChess_Twitch"]
[Black "Borsuk_Konstantin"]
[Result "1-0"]
[WhiteElo "2456"]
[BlackElo "2590"]
[TimeControl "180+1"]
[EndTime "11:51:37 PST"]
[Termination "SaqoChess_Twitch won by resignation"]

1. d4 Nf6 2. c4 e6 3. Nc3 Bb4 4.
a3 Bxc3+ 5. bxc3 c5 6. e3 Nc6 7. Bd3 d6 8. Ne2 b6 9. O-O Na5 10. e4 Qc7 11. f4 Ba6 12. e5 Nd7 13. f5 dxe5 14. fxe6 fxe6 15. Ng3 O-O-O 16. d5 Nf6 17.
Bg5 Kb8 18. Rxf6 gxf6 19. Bxf6 Rhe8 20. Qe2 exd5 21. Bxd8 Rxd8 22. cxd5 Bxd3 23. Qxd3 c4 24. Qe4 Qc5+ 25. Kh1 Qxd5 26. Qe2 Nc6 27. Re1 Qd3 28. Qe4 Qxe4 29. Nxe4 Kb7 30. g4 Ka6 31. g5 Ka5 32. h4 Ka4 33. h5 Kxa3 34. Rf1 a5 35. Rf7 b5 36. Rxh7 b4 37. Rc7 b3 38. Rxc6 Rb8 39.
Nd2 b2 40. Nxc4+ Ka2 41. Nxb2 Kxb2 42. h6 a4 43. h7 a3 44. g6 Ra8 45. Rb6+ Kxc3 46.
Rb1 a2 47. Ra1 e4 48. Rxa2 1-0

[Event "*** Titled Tuesday Blitz"]
[Site "Chess.com"]
[Date "2020.11.10"]
[Round "9"]
[White "Tashik"]
[Black "AniJak"]
[Result "1/2-1/2"]
[WhiteElo "2457"]
[BlackElo "2383"]
[TimeControl "180+1"]
[EndTime "11:51:37 PST"]
[Termination "Game drawn by repetition"]

1. c4 e5 2. Nc3 Nc6 3. Nf3 g6 4. d4 exd4 5. Nxd4 Bg7 6. Nxc6 bxc6 7. g3 Ne7 8. Bg2 O-O 9. O-O Rb8 10. Qa4 a6 11.
Rd1 d6 12. c5 d5 13. e4 d4 14.
Ne2 Bg4 15. f3 d3 16. Nf4 Qd4+ 17. Qxd4 Bxd4+ 18. Kf1 Bc8 19. Nxd3 f5 20. e5 Be6 21. Nf4 Bc4+ 22. Ke1 Bxe5 23. Bf1 Bxf1 24. Kxf1 Bxb2 25. Bxb2 Rxb2 26. Rd7 Nd5 27. Nxd5 cxd5 28. Rxc7 Re8 29. Re1 Rxe1+ 30. Kxe1 Rxa2 31. Rd7 Rxh2 32. Rxd5 Rc2 33. Kd1 Rc3 34. Kd2 Rc4 35. Kd3 Rc1 36. Kd2 Rc4 37. Kd3 Rc1 38. Kd4 Kf7 39. Rd7+ Ke6 40. Ra7 Rd1+ 41.
Kc4 Rc1+ 42. Kd4 Rd1+ 43. Kc4 Rc1+ 44. Kd4 1/2-1/2

[Event "*** Titled Tuesday Blitz"]
[Site "Chess.com"]
[Date "2020.11.10"]
[Round "9"]
[White "zala02"]
[Black "Nemsko"]
[Result "0-1"]
[WhiteElo "2154"]
[BlackElo "2359"]
[TimeControl "180+1"]
[EndTime "11:51:37 PST"]
[Termination "Nemsko won on time"]

1. d4 Nf6 2. c4 e6 3. Nc3 Bb4 4.
e3 O-O 5. Ne2 d5 6. a3 Be7 7.
cxd5 exd5 8. Nf4 c6 9. Bd3 a5 10. O-O Na6 11. Qc2 h6 12. Bd2 b5 13. Rae1 b4 14.
axb4 Nxb4 15. Qb1 Nxd3 16. Nxd3 Ba6 17. f3 Qb6 18. Rf2 Rfb8 19. Na4 Qc7 20. Nac5 Bb5 21.
Bc3 a4 22. e4 dxe4 23. fxe4 Ng4 24. Rf4 h5 25. e5 Bg5 26. Rf3 Bc4 27. h3 Nh6 28. e6 fxe6 29. Nxe6 Bxe6 30. Rxe6 a3 31. b4 Rf8 32. Qa2 Kh8 33. Rxf8+ Rxf8 34. Qxa3 Qg3 35. Be1 Be3+ 0-1

[Event "*** Titled Tuesday Blitz"]
[Site "Chess.com"]
[Date "2020.11.10"]
[Round "9"]
[White "Happy1712Drummer"]
[Black "Zq1"]
[Result "1/2-1/2"]
[WhiteElo "2244"]
[BlackElo "2582"]
[TimeControl "180+1"]
[EndTime "11:51:39 PST"]
[Termination "Game drawn by repetition"]

1. d4 Nf6 2. Nf3 e6 3. c4 a6 4.
Nc3 c5 5. e3 d5 6. a3 Nc6 7. dxc5 Bxc5 8. b4 Ba7 9. Bb2 O-O 10.
Be2 d4 11. exd4 Nxd4 12. c5 Nxe2 13. Qxe2 b6 14. Rd1 Qc7 15. cxb6 Bxb6 16. Rc1 Qb7 17. O-O Bd7 18. Ne5 Rfc8 19. Nxd7 Qxd7 20. Rfd1 Qe8 21. Ne4 Nxe4 22. Qxe4 f6 23. Rxc8 Rxc8 24. Rd6 Rd8 25. Qd3 Bc7 26. Rxd8 Qxd8 27. Qe2 Qd5 28. g3 Qc6 29. Bd4 e5 30. Bc5 g6 31. Qc4+ Kh8 32. Qf7 h5 33. Be7 Qc1+ 34. Kg2 Qc6+ 35. Kf1 Qh1+ 36. Ke2 Qe4+ 37. Kd2 Qd4+ 38. Kc2 Qe4+ 39.
Kb3 Qd3+ 40. Kb2 Qd2+ 41. Kb3 Qd3+ 42. Kb2 Qd2+ 43. Kb3 Qd3+ 1/2-1/2

[Event "*** Titled Tuesday Blitz"]
[Site "Chess.com"]
[Date "2020.11.10"]
[Round "9"]
[White "Kotofeyca"]
[Black "tylityli"]
[Result "1-0"]
[WhiteElo "2377"]
[BlackElo "2245"]
[TimeControl "180+1"]
[EndTime "11:51:39 PST"]
[Termination "Kotofeyca won by resignation"]

1. d4 Nf6 2. c4 e6 3. Nf3 Bb4+ 4. Nbd2 O-O 5. a3 Bxd2+ 6. Bxd2 b6 7. Bg5 h6 8. Bh4 Bb7 9. e3 d6 10. Be2 Nbd7 11. O-O e5 12. b4 e4 13. Nd2 Qe7 14. Qc2 g5 15. Bg3 Rfe8 16. Nb3 c5 17.
dxc5 dxc5 18. b5 Ne5 19. Rfd1 Rad8 20. Qc3 Ng6 21. a4 Rxd1+ 22. Rxd1 Rd8 23. Rxd8+ Qxd8 24. a5 h5 25. a6 Bc8 26. Qd2 Qxd2 27. Nxd2 Nd7 28.
Bxh5 Nge5 29. h3 f5 30. Be8 Kf8 31. Bxd7 Nxd7 32. Bc7 Ke7 33. g4 Ke6 34. Kg2 Kf6 35. Kg3 Kg6 36. Nb1 Kf6 37. Nc3 Ke6 38. Nd5 Ne5 39.
gxf5+ Kxf5 40. Ne7+ Ke6 41. Nxc8 Nxc4 42. Bxb6 Na3 43. Bxa7 Nxb5 44. Bxc5 Nc7 45. a7 1-0

[Event "*** Titled Tuesday Blitz"]
[Site "Chess.com"]
[Date "2020.11.10"]
[Round "9"]
[White "LiamVrolijk"]
[Black "GMTalks_Youtube"]
[Result "1-0"]
[WhiteElo "2813"]
[BlackElo "2634"]
[TimeControl "180+1"]
[EndTime "11:51:40 PST"]
[Termination "LiamVrolijk won by resignation"]

1. e4 e5 2. Nf3 Nc6 3. Bb5 a6 4. Ba4 Nf6 5. d3 b5 6. Bb3 Bc5 7. c3 d6 8. Bg5 h6 9. Bh4 g5 10. Bg3 Qe7 11. Nbd2 Rb8 12. Nf1 Na5 13. Bc2 Bb6 14.
Ne3 Bxe3 15. fxe3 c5 16. O-O Nc6 17. a4 b4 18. a5 O-O 19. d4 bxc3 20. bxc3 Bg4 21.
Qd3 cxd4 22. exd4 Qa7 23. Bf2 Bxf3 24. Qxf3 Qe7 25. d5 Nd8 26. Bd3 Ra8 27. Rab1 Nd7 28. Be3 f5 29. exf5 e4 30. Bxe4 Re8 31. f6 Nxf6 32.
Qxf6 Qxf6 33. Rxf6 Rxe4 34. Bd4 Kh7 35. Rxd6 1-0

[Event "*** Titled Tuesday Blitz"]
[Site "Chess.com"]
[Date "2020.11.10"]
[Round "9"]
[White "LubovMarkelova"]
[Black "TheKingDoctor"]
[Result "1-0"]
[WhiteElo "2211"]
[BlackElo "2092"]
[TimeControl "180+1"]
[EndTime "11:51:40 PST"]
[Termination "LubovMarkelova won by resignation"]

1. Nf3 Nf6 2. c4 g6 3. Nc3 Bg7 4. e4 d6 5. d4 O-O 6. Be2 Qe8 7.
O-O e5 8. d5 Nfd7 9. Bg5 a5 10.
Nd2 f6 11. Be3 f5 12. f3 f4 13. Bf2 Na6 14. a3 Nf6 15. b4 axb4 16. axb4 Bd7 17.
Qb3 Kh8 18. c5 g5 19. c6 Bc8 20. Qa4 g4 21. b5 bxc6 22. bxa6 cxd5 23. Qxe8 Rxe8 24.
Nxd5 Nxd5 25. exd5 gxf3 26. gxf3 Bd7 27. Ne4 Reb8 28. a7 Rb7 29. Rfb1 Rxb1+ 30. Rxb1 Bf5 31. Rb8+ 1-0

[Event "*** Titled Tuesday Blitz"]
[Site "Chess.com"]
[Date "2020.11.10"]
[Round "9"]
[White "Sergienko_Sergey"]
[Black "CzechmVIII"]
[Result "1-0"]
[WhiteElo "2280"]
[BlackElo "2123"]
[TimeControl "180+1"]
[EndTime "11:51:42 PST"]
[Termination "Sergienko_Sergey won on time"]

1. e4 c5 2. Nf3 d6 3. d4 cxd4 4.
Nxd4 Nf6 5. Nc3 g6 6. Be2 Bg7 7.
O-O O-O 8. Bg5 Nc6 9. Nb3 Be6 10. Kh1 Rc8 11. f4 a6 12. Bf3 Bc4 13. Re1 h6 14.
Bh4 e5 15. Nd5 exf4 16. Nxf6+ Bxf6 17. Bxf6 Qxf6 18. c3 Ne5 19. Nd4 Rfe8 20. Qd2 b5 21. b3 Be6 22. Rf1 g5 23. Be2 Bg4 24. Rae1 Bxe2 25. Rxe2 Qd8 26. Nf5 Qc7 27. Nxh6+ Kh7 28. Nf5 Qxc3 29. Qxd6 Rc6 30. Qd1 Qd3 31. Rd2 Qc3 32.
Qh5+ Kg8 33. Qxg5+ Ng6 34. Rdf2 Qf6 35. Qg4 Qe5 36.
Nh4 1-0

[Event "*** Titled Tuesday Blitz"]
[Site "Chess.com"]
[Date "2020.11.10"]
[Round "9"]
[White "ChelsieMonica"]
[Black "PriSachu"]
[Result "1-0"]
[WhiteElo "2368"]
[BlackElo "2499"]
[TimeControl "180+1"]
[EndTime "11:51:43 PST"]
[Termination "ChelsieMonica won by resignation"]

1. c4 Nf6 2. Nf3 g6 3. g3 Bg7 4. Bg2 O-O 5. O-O d6 6. Nc3 Nc6 7. d4 e5 8. d5 Nb8 9. Nd2 a5 10.
e4 Na6 11. a4 Nd7 12. Nb5 Ndc5 13. Nb3 f5 14. Nxc5 Nxc5 15. Be3 b6 16. Bxc5 bxc5 17. Ra3 f4 18. g4 f3 19. Rxf3 Rxf3 20. Qxf3 Bd7 21. Qe3 Qh4 22. h3 Bxb5 23. cxb5 Bh6 24. Qg3 Qf6 25. h4 Bf4 26. Qh3 g5 27. hxg5 Qxg5 28.
Rd1 Rf8 29. Bf3 Rf6 30. Qh5 Qxh5 31. gxh5 Bc1 32. Rxc1 Rxf3 33. Rc3 Rf4 34. Rg3+ Kf7 35. h6 Rxe4 36. Rg7+ Kf6 37. Rxh7 Kg6 38. Rxc7 Kxh6 39. Rc6 Kg5 40. Rxd6 Rxa4 41. Rc6 Rb4 42. Rxc5 a4 43.
d6 Rxb2 44. Rxe5+ Kf6 45. Rd5 Ke6 46. d7 Kxd5 47. d8=Q+ Kc4 48. b6 a3 49. Qc7+ Kd3 50. b7 a2 51. Qd6+ Ke2 52. Qe5+ 1-0

[Event "*** Titled Tuesday Blitz"]
[Site "Chess.com"]
[Date "2020.11.10"]
[Round "9"]
[White "Radzio1987"]
[Black "IANOV0007"]
[Result "1-0"]
[WhiteElo "2759"]
[BlackElo "2449"]
[TimeControl "180+1"]
[EndTime "11:51:46 PST"]
[Termination "Radzio1987 won on time"]

1. e4 e5 2. Nf3 d6 3. d4 exd4 4.
Nxd4 Nf6 5. Nc3 Be7 6. Be2 O-O 7. O-O Re8 8. Re1 c6 9. a4 a5 10. Bf1 Na6 11. Bf4 Bf8 12. g3 Nc5 13. Bg2 Qb6 14. b3 Bd7 15. Qd2 Rad8 16. Rad1 Bc8 17. h3 h6 18. g4 Qb4 19. Bg3 g6 20. Kh1 Bg7 21. Re3 h5 22. g5 Nh7 23. h4 Bg4 24. f3 Bc8 25. Ree1 Nf8 26. Bf2 Nfe6 27. Nce2 Qxd2 28.
Rxd2 Nxd4 29. Nxd4 Be5 30. Red1 Bf4 31. Re2 Kg7 32.
Kg1 d5 33. Nxc6 bxc6 34. Bxc5 dxe4 35. Rxd8 Rxd8 36. Rxe4 Rd1+ 37. Kf2 Bh2 38. Ke2 Rc1 39. Re8 Be6 40. Bd4+ f6 41. Rxe6 Rxc2+ 42. Kf1 Bg3 43.
gxf6+ Kf7 44. Re7+ Kf8 45. Bh3 Bxh4 46. Be6 c5 47. Rc7 1-0

[Event "*** Titled Tuesday Blitz"]
[Site "Chess.com"]
[Date "2020.11.10"]
[Round "9"]
[White "Matols"]
[Black "Loy_Konstantin"]
[Result "0-1"]
[WhiteElo "2249"]
[BlackElo "2387"]
[TimeControl "180+1"]
[EndTime "11:51:48 PST"]
[Termination "Loy_Konstantin won by checkmate"]

1. d4 Nf6 2. c4 c5 3. d5 b5 4.
cxb5 a6 5. bxa6 Bxa6 6. Nc3 g6 7. Nf3 d6 8. g3 Bg7 9. Bg2 Nbd7 10. O-O Qa5 11. Bd2 Nb6 12. Rb1 Nc4 13. Be1 Nd7 14.
Qc2 O-O 15. a4 Qb6 16. Nd2 Nde5 17. Nde4 Rab8 18. Nb5 Bxb5 19. axb5 Qxb5 20. Bc3 Qb3 21. Qxb3 Rxb3 22. Rfc1 Rfb8 23. f4 f5 24. Ng5 Na3 25. fxe5 Nxb1 26. Rxb1 Rxc3 27. exd6 exd6 28. Ne6 Rcb3 29.
Ra1 Rxb2 30. Ra7 R2b7 31. Ra6 Bd4+ 32. Kf1 Rb1# 0-1

[Event "*** Titled Tuesday Blitz"]
[Site "Chess.com"]
[Date "2020.11.10"]
[Round "9"]
[White "Chamal_Gedgafov"]
[Black "dosto07"]
[Result "0-1"]
[WhiteElo "2149"]
[BlackElo "2315"]
[TimeControl "180+1"]
[EndTime "11:51:48 PST"]
[Termination "dosto07 won on time"]

1. d4 d5 2. c4 dxc4 3. Nf3 Nf6 4.
e3 e6 5. Bxc4 c5 6. Qe2 a6 7. O-O Nc6 8. Rd1 Qc7 9. a3 b5 10. Ba2 Bb7 11. Nc3 Rd8 12. dxc5 Rxd1+ 13. Nxd1 Bxc5 14. b4 Bd6 15. Bb2 Ne5 16. Nxe5 Bxe5 17. Rc1 Qb8 18. Bxe5 Qxe5 19. Nb2 O-O 20. Nd3 Qg5 21.
f3 Nd5 22. e4 Nf6 23. Rc7 Ba8 24. g3 h5 25. f4 Qg6 26. e5 Ne4 27. Bb1 Nxg3 28.
hxg3 Qxg3+ 29. Kf1 Rd8 30. Rc3 h4 31. Qf2 Qg4 32. Ke1 h3 0-1

[Event "*** Titled Tuesday Blitz"]
[Site "Chess.com"]
[Date "2020.11.10"]
[Round "9"]
[White "wnstop"]
[Black "Iskusnyh"]
[Result "0-1"]
[WhiteElo "2697"]
[BlackElo "2573"]
[TimeControl "180+1"]
[EndTime "11:51:49 PST"]
[Termination "Iskusnyh won on time"]

1. e4 e6 2. d4 d5 3. Nd2 c5 4. exd5 Qxd5 5. dxc5 Nf6 6. Ngf3 Qxc5 7. Bd3 Nbd7 8. Qe2 Qc7 9. c3 Be7 10. O-O b6 11.
Ne4 Bb7 12. Nxf6+ Nxf6 13. Bb5+ Kf8 14. Bg5 Nd5 15. Bxe7+ Kxe7 16. Rad1 Rhd8 17. Qe4 Qf4 18. Qe5 Qxe5 19. Nxe5 Rac8 20. Rfe1 Rc5 21. Bf1 f6 22. Ng4 Rc7 23. g3 Rcd7 24. Bh3 Nc7 25. Rxd7+ Rxd7 26. Ne3 Rd2 27. Bxe6 Nxe6 28. Nf5+ Kf7 29. Kf1 Ba6+ 30. Kg1 Nc5 31. b4 Nd3 32. Re7+ Kf8 0-1

[Event "*** Titled Tuesday Blitz"]
[Site "Chess.com"]
[Date "2020.11.10"]
[Round "9"]
[White "ajdemipopushi"]
[Black "swisspower96"]
[Result "0-1"]
[WhiteElo "2404"]
[BlackElo "2558"]
[TimeControl "180+1"]
[EndTime "11:51:49 PST"]
[Termination "swisspower96 won on time"]

1. Nf3 d5 2. g3 c5 3. Bg2 Nf6 4. O-O e6 5. c4 d4 6. e3 Nc6 7. d3 Bd6 8. exd4 cxd4 9. Bg5 h6 10.
Bxf6 Qxf6 11. a3 a5 12. Nbd2 Qe7 13. Re1 O-O 14. Nb3 Qf6 15. Nfd2 Bc7 16. Ne4 Qe7 17. f4 a4 18. Nbd2 Bd7 19. b4 axb3 20. Qxb3 Na5 21.
Qb2 Bc6 22. Nf2 Rfd8 23. Qb4 Bd6 24. Qb2 Bxg2 25. Kxg2 Nc6 26. a4 Bb4 27. Ra2 Bc3 28. Qb3 Nb4 29. Rd1 Nxa2 30. Qxa2 Qb4 31. Nde4 Rxa4 32. Qe2 Ra3 33. g4 Rb3 34. f5 Rb2 35. Qf3 exf5 36. gxf5 f6 37. Kh3 Qe7 38. Rg1 Kh8 39.
Rg6 Be1 40. Ng4 Bd2 41. Ngxf6 gxf6 42. Nxd2 Qe3 0-1

[Event "*** Titled Tuesday Blitz"]
[Site "Chess.com"]
[Date "2020.11.10"]
[Round "9"]
[White "AsaHoffmann"]
[Black "Crazy_girl99"]
[Result "0-1"]
[WhiteElo "2380"]
[BlackElo "2500"]
[TimeControl "180+1"]
[EndTime "11:51:49 PST"]
[Termination "Crazy_girl99 won by resignation"]

1. d4 e6 2. e4 d5 3. e5 c5 4.
Nf3 Nc6 5. Bd3 cxd4 6. O-O Bd7 7. Bf4 Qb6 8. Nbd2 Nge7 9. a3 Ng6 10. Bg3 a5 11. h4 Bc5 12. Qe2 O-O 13. h5 Nge7 14.
h6 g6 15. Bh4 Nf5 16. Bf6 Be7 17. g4 Nxh6 18. Ng5 Qd8 19. Bxe7 Qxe7 20. f4 Nxe5 21. Nxh7 Kxh7 22. Qxe5 Nxg4 23. Qe1 Ne3 24. Qg3 Nxf1 25. Rxf1 Kg7 26. Nf3 Rh8 27. Kf2 Rh6 28. Rg1 Rah8 29. Nxd4 Rh3 30. Qg4 Qh4+ 31. Qxh4 R8xh4 32. Ne2 Rh2+ 33. Ke3 Kf6 34. Kd4 b6 35. b4 axb4 36. axb4 Ke7 37. Ke5 Rh5+ 38. Kd4 Kd6 39. b5 R5h4 40. Kc3 R4h3 41. Kd4 Rxd3+ 42. Kxd3 Bxb5+ 0-1

[Event "*** Titled Tuesday Blitz"]
[Site "Chess.com"]
[Date "2020.11.10"]
[Round "9"]
[White "IceBelka"]
[Black "No_t_ime_to_die"]
[Result "1-0"]
[WhiteElo "2350"]
[BlackElo "2466"]
[TimeControl "180+1"]
[EndTime "11:51:53 PST"]
[Termination "IceBelka won by resignation"]

1. e4 c5 2. Nf3 Nc6 3. d4 cxd4 4. Nxd4 g6 5. Nc3 Bg7 6. Be3 Nf6 7. Bc4 O-O 8. Bb3 Re8 9. f3 e6 10. f4 d6 11. Qf3 e5 12. Nxc6 bxc6 13. fxe5 dxe5 14.
O-O Be6 15. Bg5 Bxb3 16. axb3 Re6 17. Kh1 h6 18. Be3 Qe7 19. Na4 Nd7 20. Rad1 Rf6 21. Qh3 Rxf1+ 22. Rxf1 Kh7 23. Qf3 Nf6 24. Nc5 Rd8 25.
Nd3 Rd7 26. Bc5 Qe6 27. Ra1 Qe8 28. h3 Qb8 29. Qe3 Bf8 30. Bxa7 Qa8 31. Ra4 Qe8 32. Bc5 Bxc5 33. Qxc5 Rd4 34. Qxe5 Qxe5 35. Nxe5 Rxa4 36. bxa4 Nxe4 37. a5 Nc5 38. Nxc6 Kg7 39. b4 1-0